 Dungeon Crawl Stone Soup version 0.30-a0-715-gdb4ae3ece1 (webtiles) character file.

Game seed: 3316586336149539339

84 Azfaa the Sneak (level 4, 0/27 HPs)
             Began as a Kobold Brigand on Jan 23, 2023.
             Was an Initiate of Hepliaklqana.
             Slain by a kobold brigand
             ... wielding a +0 short sword
              (7 damage)
             ... in a sewer.
             The game lasted 00:12:33 (1750 turns).

Azfaa the Sneak (Kobold Brigand)                    Turns: 1750, Time: 00:12:34

Health: 0/27       AC:  4    Str:  8    XL:     4   Next: 72%
Magic:  4/4        EV: 14    Int: 12    God:    Hepliaklqana [......]
Gold:   116        SH:  0    Dex: 18    Spells: 3/3 levels left

rFire   . . .      SeeInvis .    a - +2 dagger
rCold   + . .      Faith    .    (no shield)
rNeg    . . .      Spirit   .    j - +0 leather armour
rPois   .          Reflect  .    (no helmet)
rElec   .          Harm     .    c - +0 cloak
rCorr   .          Rampage  .    (no gloves)
Will    .....                    (no boots)
Stlth   ++++                     (no amulet)
HPRegen 0.24/turn                i - ring of protection from cold
MPRegen 0.09/turn                (no ring)

@: flying (expiring)
A: small, no large weapons, nightstalker 3
a: Renounce Religion


You were in a sewer.
You worshipped Hepliaklqana.
Hepliaklqana was noncommittal.
You visited 1 branch of the dungeon, and saw 3 of its levels.
You also visited: Sewer.

You collected 116 gold pieces.

Inventory:

Hand Weapons
 a - a +2 dagger (weapon)
 f - a +0 whip
 h - a +0 spear
 k - a +0 short sword
 p - a +0 long sword
Missiles
 d - 18 poisoned darts
 e - 3 curare-tipped darts (quivered)
 l - 14 stones
Armour
 b - a +0 robe
 c - a +0 cloak (worn)
 j - a +0 leather armour (worn)
 n - a +0 leather armour
Jewellery
 i - a ring of protection from cold (left hand)
Scrolls
 g - 2 scrolls of teleportation
 o - 2 scrolls of identify


   Skills:
 + Level 2.6 Fighting
 + Level 3.8 Short Blades
 + Level 2.2 Throwing
 + Level 0.4 Armour
 + Level 1.7 Dodging
 + Level 6.7 Stealth


You had 3 spell levels left.
You didn't know any spells.
Your spell library contained the following spells:

 Spells                   Type           Power      Damage    Failure   Level
 Hailstorm                Conj/Ice       0%         3d3       80%         3
 Ice Form                 Ice/Tmut       0%         N/A       99%         4
 Simulacrum               Ice/Necr       0%         N/A       100%        6


Dungeon Overview and Level Annotations

Branches:
Dungeon (3/15)              Sewer (1/1)

Altars:
Hepliaklqana
Jiyva


Innate Abilities, Weirdness & Mutations

You are small and have problems with some larger weapons.
You are completely attuned to the shadows.


Message History

You hit the kobold brigand.
The kobold brigand is severely wounded.
The kobold brigand barely misses you.
You barely miss the kobold brigand.
The kobold brigand is severely wounded.
The kobold brigand barely misses you.
You hit the kobold brigand.
The kobold brigand is severely wounded.
You hit the kobold brigand.
The kobold brigand is severely wounded.
The kobold brigand hits you with a +0 short sword.
You barely miss the kobold brigand.
The kobold brigand is severely wounded.
The kobold brigand barely misses you.
You hit the kobold brigand.
The kobold brigand is almost dead.
You are starting to lose your buoyancy.
The kobold brigand barely misses you.
You barely miss the kobold brigand.
The kobold brigand is almost dead.
The kobold brigand closely misses you.
You barely miss the kobold brigand.
The kobold brigand is almost dead.
You hit the kobold brigand.
The kobold brigand is almost dead.
The kobold brigand misses you.
You closely miss the kobold brigand.
The kobold brigand is almost dead.
The kobold brigand hits you with a +0 short sword!
* * * LOW HITPOINT WARNING * * *
You miss the kobold brigand.
The kobold brigand is almost dead.
The kobold brigand barely misses you.
You barely miss the kobold brigand.
The kobold brigand is almost dead.
The kobold brigand barely misses you.
You barely miss the kobold brigand.
The kobold brigand is almost dead.
The kobold brigand hits you with a +0 short sword!
You die...

#~#.~.. .
#~#~~~..#
.~.#~#.~..P
~~~#~#~~~.#
.~~...~..##
####~..~~.#
#...K.~##
##.~~@.~#
####...#
~~~~...#
#######P..#
#.........#
..PP.∩∩....#
.#~#....≈≈##
#~#.≈≈≈≈≈# #
#≈≈≈≈≈##


You could see a kobold brigand.

Vanquished Creatures
  3 adders
  2 dart slugs
  4 bats
  4 giant cockroaches (D:1)
  5 goblins
  3 hobgoblins
  10 jackals
  6 kobolds
  2 quokkas (D:1)
  3 ball pythons
  2 frilled lizards (D:1)
  5 rats
49 creatures vanquished.

Notes
Turn   | Place    | Note
-------+----------+-------------------------------------------
     0 | D:1      | Azfaa the Kobold Brigand began the quest for the Orb.
     0 | D:1      | Reached XP level 1. HP: 12/12 MP: 1/1
    59 | D:1      | Reached XP level 2. HP: 18/18 MP: 2/2
   112 | D:1      | Reached skill level 6 in Stealth
   159 | D:1      | Reached XP level 3. HP: 22/22 MP: 3/3
   598 | D:1      | Found a faded altar of an unknown god.
   606 | D:1      | Prayed at the altar of an unknown god.
   606 | D:1      | Became a worshipper of Jiyva Jimeobat the Shapeless
   606 | D:1      | Reached * piety under Jiyva
   610 | D:1      | Fell from the grace of Jiyva
  1077 | D:2      | Reached XP level 4. HP: 27/27 MP: 4/4
  1187 | D:2      | HP: 1/27 [poisoned by an adder]
  1400 | D:2      | Found a hazy altar of Hepliaklqana.
  1407 | D:2      | Became a worshipper of Hepliaklqana the Forgotten
  1616 | D:3      | Found a glowing drain.
  1621 | Sewer    | Entered a sewer
  1709 | Sewer    | Noticed a kobold brigand
  1750 | Sewer    | Slain by a kobold brigand

Illustrated notes

Levels and vault maps discovered:
D:1:      dpeg_arrival_tiny_a, layout_rooms,
          dreamdust_ecumenical_altar_angels_and_demons, interstate_on_off
D:2:      layout_basic, basic_altar
D:3:      layout_basic, lightli_sewer_entry_pipes, chequers_garden,
          minmay_misc_feat_hallway, serial_bayou_crossing, uniq_sigmund
Sewer:    sewer_co_scattered_pipes

Skill      XL: |  1  2 |
---------------+-------+-----
Stealth        | 6 |  6.7
Short Blades   | 3 |  3.8
Fighting       | |  2.6
Throwing       | |  2.2
Armour         | |  0.4
Dodging        | |  1.7

Action                     |  1- 3 |  4- 6 || total
---------------------------+-------+-------++-------
  Melee: Dagger            |    90 |    78 ||   168
         Punch             |     1 |     1 ||     2
         Unarmed           |       |    11 ||    11
 Invoke: Renounce Religion |     1 |       ||     1
    Use: Potion            |     1 |     2 ||     3
         Scroll            |     3 |     1 ||     4
   Stab: Sleeping          |    19 |     5 ||    24
 Armour: Robe              |    25 |       ||    25
         Leather armour    |     7 |    19 ||    26
  Dodge: Dodged            |    57 |    61 ||   118

Table legend: (Time is in decaauts)
 A = Elapsed time spent in this place.
 B = Non-inter-level travel time spent in this place.
 C = Inter-level travel time spent in this place.
 D = Time resting spent in this place.
 E = Time spent auto-exploring this place.
 F = Levels seen in this place.
 G = Mean time per level.
                   A        B        C        D        E       F      G
               +--------+--------+--------+--------+--------+-----+--------+
         Total |   1699 |   1698 |      1 |    415 |      0 |   4 |  424.8 |
       Dungeon |   1576 |   1575 |      1 |    350 |      0 |   3 |  525.3 |
         Sewer |    123 |    123 |      0 |     65 |      0 |   1 |  123.0 |
               +--------+--------+--------+--------+--------+-----+--------+

Top non-repeatable levels by time:
     D:2: 847 daAuts
     D:1: 629 daAuts
   Sewer: 123 daAuts
     D:3: 99 daAuts
